 Dungeon Crawl Stone Soup version 0.31-a0-1620-gcbf77bbcfc (webtiles) character file.

Game seed: 14542060015668442725

58 Essalna the Digger (level 4, 0/24 HPs)
             Began as a Gargoyle Earth Elementalist on Jan 11, 2024.
             Slain by Terence
             ... wielding a +0 flail
              (2 damage)
             ... on level 2 of the Dungeon.
             The game lasted 00:01:46 (1206 turns).

Essalna the Digger (Gargoyle Earth Elementalist)    Turns: 1206, Time: 00:01:47

Health: 0/24       AC:  5    Str: 11    XL:     4   Next: 1%
Magic:  1/8        EV: 11    Int: 18    God:
Gold:   53         SH:  0    Dex: 10    Spells: 7/8 levels left

rFire   + . .        j - +6 spear of the Stoat {vamp, rElec rC+ rCorr}
rCold   + . .        (no shield)
rNeg    + . .        a - +0 robe
rPois   ∞            (no helmet)
rElec   +            (no cloak)
rCorr   +            (no gloves)
SInv    .            (no boots)
Will    .....        (no amulet)
Stlth   ++           k - ring of protection from fire
HPRegen 0.24/turn    (no ring)
MPRegen 0.11/turn

%: no passive effects
@: no status effects
A: sickness immunity, AC +3, negative energy resistance 1, electricity
resistance, torment resistance 1, petrification resistance
a: no special abilities


You were on level 2 of the Dungeon.
You visited 1 branch of the dungeon, and saw 2 of its levels.

You collected 53 gold pieces.

Inventory:

Hand Weapons
 d - a +3 mace
 j - the +6 spear of the Stoat (weapon) {vamp, rElec rC+ rCorr}
   (You found it on level 2 of the Dungeon)

   rC+:       It protects you from cold.
   rElec:     It insulates you from electricity.
   rCorr:     It protects you from acid and corrosion.
Armour
 a - a +0 robe (worn)
Jewellery
 k - a ring of protection from fire (left hand)
Scrolls
 c - 3 scrolls of teleportation {unknown}
 e - 2 scrolls of identify {unknown}
 h - a scroll of vulnerability {unknown}
 i - a scroll of silence {unknown}
Potions
 b - a potion of magic
 f - a potion of haste {unknown}
 g - a potion of resistance {unknown}
 l - 3 potions of enlightenment {unknown}
 m - a potion of lignification {unknown}


   Skills:
 - Level 1.5 Dodging
 - Level 2.1 Stealth
 + Level 2.7 Spellcasting
 + Level 2.4 Conjurations
 + Level 4.4 Earth Magic


You had 7 spell levels left.
You knew the following spells:

 Your Spells              Type           Power      Damage    Failure   Level
a - Sandblast             Erth           36%        2d10      2%          1

Your spell library contained the following spells:

 Spells                   Type           Power      Damage    Failure   Level
 Passwall                 Erth           18%        N/A       9%          3
 Sting                    Conj/Alch      24%        1d4       10%         1
 Stone Arrow              Conj/Erth      28%        3d8       12%         3
 Ensorcelled Hibernation  Hex/Ice        4%         N/A       26%         2
 Mercury Vapours          Alch/Air       4%         N/A       26%         2
 Brom's Barrelling Bould  Conj/Erth      14%        2d4       38%         4
 Swiftness                Air            2%         N/A       45%         3
 Petrify                  Alch/Erth      10%        N/A       56%         4
 Olgreb's Toxic Radiance  Alch           2%         N/A       86%         4


Dungeon Overview and Level Annotations

Branches:
Dungeon (2/15)

Altars:
Cheibriados

Annotations:
D:2 Terence


Innate Abilities, Weirdness & Mutations

You are immune to sickness and miasma.
Your stone body is resilient. (AC +3)
You are immune to poison.
You resist negative energy. (rN+)
You are resistant to electric shocks. (rElec)
You are resistant to unholy torment.
You are immune to petrification.


Message History

Terence is severely wounded.
Terence barely misses you.
Reach: j) +6 spear of the Stoat {vamp, rElec rC+ rCorr}
Press: ? - help, Dir - move target, f/p - Terence
Aim: Terence, wielding a +0 flail and wearing a +0 chain mail (severely wounded, about 28% to evade the +6 spear of the Stoat)
You completely miss Terence.
Terence is severely wounded.
Terence closely misses you.
Reach: j) +6 spear of the Stoat {vamp, rElec rC+ rCorr}
Press: ? - help, Dir - move target, f/p - Terence
Aim: Terence, wielding a +0 flail and wearing a +0 chain mail (severely wounded, about 28% to evade the +6 spear of the Stoat)
You barely miss Terence.
Terence is severely wounded.
Terence hits you with a +0 flail!
* * * LOW HITPOINT WARNING * * *
Reach: j) +6 spear of the Stoat {vamp, rElec rC+ rCorr}
Press: ? - help, Dir - move target, f/p - Terence
Aim: Terence, wielding a +0 flail and wearing a +0 chain mail (severely wounded, about 28% to evade the +6 spear of the Stoat)
You hit Terence.
You feel better.
Terence is almost dead.
Terence closely misses you.
Casting: Sandblast (safe; 2% risk of failure)
Confirm with . or Enter, or press ? or * to list all spells.
Aiming: Sandblast (safe; 2% risk of failure)
Press: ? - help, Shift-Dir - straight line, f/p - Terence
Aim: Terence, wielding a +0 flail and wearing a +0 chain mail (almost dead, 87% to hit)
The blast of sand hits Terence but does no damage.
Terence is almost dead.
Terence closely misses you. Terence hits you with a +0 flail.
* * * LOW HITPOINT WARNING * * *
Casting: Sandblast (safe; 2% risk of failure)
Confirm with . or Enter, or press ? or * to list all spells.
Aiming: Sandblast (safe; 2% risk of failure)
Press: ? - help, Shift-Dir - straight line, f/p - Terence
Aim: Terence, wielding a +0 flail and wearing a +0 chain mail (almost dead, 87% to hit)
The blast of sand hits Terence but does no damage.
Terence is almost dead.
Terence hits you with a +0 flail.
You die...
Terence says, "That felt goooood."

.>...# #.####......# ....#
.########...........##....#
............#.......###.###
.#######................#
.# #...............<.
.#######....._...........
.........................
.##...#.........@........
......÷........#@........
.##...#.....####.........
..#>..##########........#
..........##......#######
.....................#
.....................#
..######.............###
###### ..#.#
#...............# ###.....
[..(#
#...............###PPP..bP


You could see Terence.

Vanquished Creatures
  2 adders (D:2)
  3 dart slugs
  3 ball pythons
  3 endoplasms
  2 giant cockroaches
  2 goblins
  4 hobgoblins
  2 jackals (D:2)
  A quokka (D:2)
  A bat (D:1)
  A frilled lizard (D:1)
  4 kobolds
  A rat (D:1)
29 creatures vanquished.

Notes
Turn   | Place    | Note
-------+----------+-------------------------------------------
     0 | D:1      | Essalna the Gargoyle Earth Elementalist began the quest for
                  | the Orb.
     0 | D:1      | Reached XP level 1. HP: 10/10 MP: 3/3
    67 | D:1      | Found a faded altar of an unknown god.
   187 | D:1      | Reached XP level 2. HP: 15/15 MP: 1/5
   308 | D:1      | Reached skill level 4 in Earth Magic
   787 | D:2      | Reached XP level 3. HP: 19/19 MP: 3/6
   863 | D:2      | Identified the +6 spear of the Stoat {vamp, rElec rC+
                  | rCorr}
   944 | D:2      | Found a snail-covered altar of Cheibriados.
  1145 | D:2      | Noticed Terence
  1147 | D:2      | Reached XP level 4. HP: 24/24 MP: 8/8
  1206 | D:2      | Slain by Terence

Illustrated notes

Levels and vault maps discovered:
D:1:      enne_arrival_octagon_isle, layout_basic,
          ebering_ecumenical_altar_petrified
D:2:      layout_basic, basic_altar, serial_aquarium,
          aquarium_bridge_island_small [aquarium_subvault_small_water,
          aquarium_subvault_wall, aquarium_subvault_bridge,
          aquarium_subvault_wall, aquarium_subvault_window],
          aquarium_bridge_straight [aquarium_subvault_bridge,
          aquarium_subvault_wall, aquarium_subvault_bridge,
          aquarium_subvault_window], aquarium_window_corridor_3,
          aquarium_window_1, aquarium_window_1, aquarium_view_2a,
          aquarium_view_2b, aquarium_balcony_5b, uniq_natasha, uniq_terence

Skill      XL: |  1  2 |
---------------+-------+-----
Earth Magic    | 4 |  4.4
Conjurations   | 2 |  2.4
Dodging        | |  1.5
Stealth        | |  2.1
Spellcasting   | |  2.7

Action                     |  1- 3 |  4- 6 || total
---------------------------+-------+-------++-------
  Melee: Mace              |    11 |       ||    11
         Spear             |     4 |     5 ||     9
   Cast: Sandblast         |    29 |     9 ||    38
   Stab: Sleeping          |     1 |       ||     1
 Armour: Robe              |    10 |     8 ||    18
  Dodge: Dodged            |     7 |     9 ||    16

Table legend: (Time is in decaauts)
 A = Elapsed time spent in this place.
 B = Non-inter-level travel time spent in this place.
 C = Inter-level travel time spent in this place.
 D = Time resting spent in this place.
 E = Time spent auto-exploring this place.
 F = Levels seen in this place.
 G = Mean time per level.
                   A        B        C        D        E       F      G
               +--------+--------+--------+--------+--------+-----+--------+
         Total |   1228 |   1201 |     27 |      0 |   1014 |   2 |  614.0 |
       Dungeon |   1228 |   1201 |     27 |      0 |   1014 |   2 |  614.0 |
               +--------+--------+--------+--------+--------+-----+--------+

Top non-repeatable levels by time:
     D:1: 793 daAuts
     D:2: 434 daAuts
